[Event "Pobeskydi 2026"]
[Site "Frydek-Mistek, Czech Republic"]
[Date "2026.04.05"]
[Round "7.6"]
[White "Lichorad, Mateusz"]
[Black "Hrckova, Anna"]
[Result "1-0"]
[TimeControl "90 min+30s/move"]
[WhiteTitle "-"]
[BlackTitle "-"]
[WhiteFideId "21817693"]
[BlackFideId "23763507"]
[WhiteElo "2039"]
[BlackElo "1778"]

1. e4 e6 2. d4 d5 3. Nc3 Bb4 4. e5 c5 5. a3 Bxc3+ 6. bxc3 Ne7 7. Qg4 Nf5 8. Bd3 h5 9. Qf4 Qh4 10.
Qxh4 Nxh4 11. Bg5 Nf5 12. Ne2 Nc6 13. dxc5 Bd7 14. Rb1 Rb8 15. Bf4 Nfe7 16. Nd4 a6 17. Nxc6 Nxc6 18. O-O Kd8 19. c4 dxc4 20. Bxc4 Kc7 21.
Rfd1 Ne7 22. Bd2 Ba4 23. Ba5+ Kc6 24. Rd6+ Kxc5 25. Be2 Nd5 26. c4 b6 27. Bb4+ Kd4 28. cxd5 a5 29. Bd2 Kxe5 30.
Rdxb6 Rxb6 31. Rxb6 Rc8 32. Rb2 exd5 33. h3 Bc2 34. Bxa5 d4 35. Rb5+ Kf6 36. Rd5 Re8 37. Bb5 Rb8 38. a4 d3 39. Bxd3 Bxa4 40. Rxh5 Rc8 41.
Rf5+ Ke6 42. Rf4 Rc1+ 43. Kh2 Bb3 44. Rb4 Bd5 45.
Be4 Ba2 46. f4 Rf1 47. Rb6+ Kd7 48. Bf5+ Ke8 49. Bb4 1-0

[Event "Pobeskydi 2026"]
[Site "Frydek-Mistek, Czech Republic"]
[Date "2026.04.05"]
[Round "7.7"]
[White "Skorupa, Tobias"]
[Black "Sigut, Ondrej"]
[Result "1/2-1/2"]
[TimeControl "90 min+30s/move"]
[WhiteTitle "-"]
[BlackTitle "-"]
[WhiteFideId "23777494"]
[BlackFideId "23712813"]
[WhiteElo "1859"]
[BlackElo "2016"]

1. d4 e6 2. c4 f5 3. Nf3 Nf6 4. g3 b6 5. Bg2 Bb7 6. O-O Be7 7. Nc3 O-O 8. d5 a5 9. Nd4 Qc8 10.
Bf3 c6 11. Bf4 cxd5 12. cxd5 Nxd5 13. Nxd5 Bxd5 14. Bxd5 exd5 15. Rc1 Bc5 16. Qb3 Qe8 17. Qxd5+ Qf7 18. Qxf7+ Rxf7 19. Rfd1 1/2-1/2

[Event "Pobeskydi 2026"]
[Site "Frydek-Mistek, Czech Republic"]
[Date "2026.04.05"]
[Round "7.8"]
[White "Janovicek, Lukas"]
[Black "Ocelak, David"]
[Result "1/2-1/2"]
[TimeControl "90 min+30s/move"]
[WhiteTitle "-"]
[BlackTitle "-"]
[WhiteFideId "14975831"]
[BlackFideId "23728795"]
[WhiteElo "1846"]
[BlackElo "2009"]

1. e4 c6 2. d4 d5 3. Nc3 dxe4 4. Nxe4 Nf6 5. Nxf6+ exf6 6. Bc4 Bd6 7. Qe2+ Qe7 8. Qxe7+ Kxe7 9.
Ne2 Be6 10. Bd3 Nd7 11. Bf4 g6 12. O-O Nb6 13. Rfe1 Kd7 14. Bxd6 Kxd6 15. Nf4 Rhe8 16. Re3 1/2-1/2

[Event "Pobeskydi 2026"]
[Site "Frydek-Mistek, Czech Republic"]
[Date "2026.04.05"]
[Round "7.9"]
[White "Zeman, Daniel Nikolas"]
[Black "Sulcova, Tereza Radmila"]
[Result "1-0"]
[TimeControl "90 min+30s/move"]
[WhiteTitle "-"]
[BlackTitle "-"]
[WhiteFideId "23717130"]
[BlackFideId "395196"]
[WhiteElo "1957"]
[BlackElo "1919"]

1. d4 e6 2. c4 Bb4+ 3. Nc3 Bxc3+ 4. bxc3 f5 5. Nf3 Nf6 6. e3 O-O 7. Bd3 b6 8. Ba3 d6 9. c5 Ne4 10. cxd6 cxd6 11. Qb3 Rf6 12.
c4 Ba6 13. O-O Nc6 14. d5 Na5 15. Qb1 e5 16. Rc1 Rc8 17. Bxe4 fxe4 18. Qxe4 Nxc4 19. Bb4 Nb2 20. Ng5 Bd3 21.
Qh4 Bf5 22. e4 Rh6 23. Qg3 Bd7 24. Ne6 Bxe6 25. dxe6 Nc4 26. Qd3 b5 27. a4 Qh4 28. h3 Rf8 29. Ra2 a6 30. axb5 axb5 31.
Qd5 Nb6 32. Qxd6 Rd8 33. Qxb6 Qg5 34. Bd2 1-0

[Event "Pobeskydi 2026"]
[Site "Frydek-Mistek, Czech Republic"]
[Date "2026.04.05"]
[Round "7.10"]
[White "Brousek, Jiri"]
[Black "Buchtova, Viktorie"]
[Result "0-1"]
[TimeControl "90 min+30s/move"]
[WhiteTitle "-"]
[BlackTitle "-"]
[WhiteFideId "314021"]
[BlackFideId "23714786"]
[WhiteElo "1915"]
[BlackElo "2055"]

1. d4 Nf6 2. Nf3 e6 3. e3 d5 4. Bd3 c5 5. b3 Nc6 6. Bb2 b6 7. Nbd2 Bb7 8. O-O Rc8 9. a3 cxd4 10.
exd4 g6 11. Ne5 Bg7 12. f4 O-O 13. Qe2 Ne7 14. g4 Qc7 15. Rf2 Ne8 16. Qe3 Nd6 17. Raf1 f5 18. Ndf3 Ne4 19. Ng5 Bxe5 20.
Bxe4 dxe4 21. fxe5 Nd5 22. Qh3 Qe7 23. Bc1 e3 24. Bxe3 Rc3 25. Rf3 Rxc2 26. gxf5 exf5 27. R3f2 Rxf2 28.
Rxf2 Nxe3 29. Qxe3 f4 0-1

[Event "Pobeskydi 2026"]
[Site "Frydek-Mistek, Czech Republic"]
[Date "2026.04.05"]
[Round "7.11"]
[White "Slamecka, David"]
[Black "Trybus, Daniel"]
[Result "0-1"]
[TimeControl "90 min+30s/move"]
[WhiteTitle "-"]
[BlackTitle "-"]
[WhiteFideId "23761849"]
[BlackFideId "21816131"]
[WhiteElo "1906"]
[BlackElo "2055"]

1. d4 Nf6 2. Bg5 Nc6 3. Bxf6 gxf6 4. d5 Nb8 5. e4 e5 6. Nd2 d6 7. Bd3 c6 8. c4 Rg8 9. g3 Na6 10.
Nb3 Bh6 11. h3 Nb4 12. Ne2 c5 13. g4 f5 14. exf5 Nxd3+ 15. Qxd3 b5 16. Ng3 bxc4 17. Qxc4 Qb6 18. Ne4 Ke7 19.
Qa4 Rb8 20. f6+ Kf8 21. Qa5 Ba6 22. Ned2 Rg6 23. Qa4 Rxf6 24. Qe4 c4 25. Nxc4 Qxf2+ 26. Kd1 Rf4 0-1

[Event "Pobeskydi 2026"]
[Site "Frydek-Mistek, Czech Republic"]
[Date "2026.04.05"]
[Round "8.1"]
[White "Gnojek, Petr"]
[Black "Walek, Petr"]
[Result "1/2-1/2"]
[TimeControl "90 min+30s/move"]
[WhiteTitle "-"]
[BlackTitle "-"]
[WhiteFideId "371807"]
[BlackFideId "339393"]
[WhiteElo "2401"]
[BlackElo "2304"]

1. d4 e6 2. c4 b6 3. Nc3 Bb4 4. Bd2 Bb7 5. Nf3 Nf6 6. e3 Bxc3 7. Bxc3 Ne4 8. Rc1 O-O 9. Be2 d6 10.
O-O Nxc3 11. Rxc3 Nd7 12. Nd2 Qf6 13. Bf3 Bxf3 14. Qxf3 Qxf3 15. Nxf3 a5 16. Rd1 f6 17. Nd2 Rfe8 18.
Nb1 e5 19. Na3 exd4 20. Rxd4 Nc5 21. Nb5 Na6 22. g4 Kf7 23. Kg2 Ke7 24. h4 Kd7 25. Rf4 Re5 26. Nd4 Nb4 27. a3 Nc6 28.
Nf5 Ne7 29. Nxe7 Kxe7 30. b3 h5 31. gxh5 Rxh5 32. Rg4 Kf7 33. Kg3 Re8 34. Rc1 Ree5 35. b4 g5 36. hxg5 Rexg5 37. Rxg5 Rxg5+ 38. Kf4 Ke6 39. Ke4 axb4 1/2-1/2

[Event "Pobeskydi 2026"]
[Site "Frydek-Mistek, Czech Republic"]
[Date "2026.04.05"]
[Round "8.2"]
[White "Vanek, Martin"]
[Black "Karas, Marek"]
[Result "0-1"]
[TimeControl "90 min+30s/move"]
[WhiteTitle "-"]
[BlackTitle "-"]
[WhiteFideId "23769238"]
[BlackFideId "14928558"]
[WhiteElo "1905"]
[BlackElo "2232"]

1. d4 Nf6 2. c4 e6 3. Nf3 Bb4+ 4.
Bd2 c5 5. Bxb4 cxb4 6. g3 b6 7. Bg2 Bb7 8. O-O O-O 9. a3 bxa3 10. Rxa3 Qc7 11. b3 d5 12. Nbd2 Nc6 13. Qb1 Qe7 14.
Ra1 Rfd8 15. e3 e5 16. dxe5 Nxe5 17. Nxe5 Qxe5 18. Rd1 Qe7 19. Qb2 dxc4 20. Bxb7 Qxb7 21. Nxc4 h5 22. Rd4 Ne4 23.
h4 Nc5 24. Rad1 Qe7 25. b4 Ne6 26. Rxd8+ Rxd8 27. Rxd8+ Qxd8 28. Ne5 Qd5 29. b5 Nc7 30. Nc6 Qxb5 31. Qc2 Ne6 32. Nxa7 Qd7 33. Nc6 g6 34. Qc4 Qd6 35.
Nd4 Qc5 36. Qd3 Nc7 37. Nb3 Qd5 38. Qc3 Qd6 39. Nd4 b5 40. Qb3 Qc5 41. Kh2 b4 42. Nc2 Nd5 43. Nd4 Nf6 44. Qd3 Ng4+ 45.
Kg2 Qd5+ 46. Kg1 Qa2 47. Qe2 Qb1+ 48. Kg2 b3 49. Nxb3 Qxb3 50. e4 Qb6 51. Qc2 Qd4 52. Qe2 Ne5 53.
Qc2 Kg7 54. Qb1 Nd3 0-1

[Event "Pobeskydi 2026"]
[Site "Frydek-Mistek, Czech Republic"]
[Date "2026.04.05"]
[Round "8.3"]
[White "Szumiec, Jan"]
[Black "Lichorad, Mateusz"]
[Result "0-1"]
[TimeControl "90 min+30s/move"]
[WhiteTitle "-"]
[BlackTitle "-"]
[WhiteFideId "41815661"]
[BlackFideId "21817693"]
[WhiteElo "1826"]
[BlackElo "2039"]

1. e4 c5 2. Nf3 d6 3. d4 cxd4 4. Nxd4 Nf6 5. Nc3 a6 6. f4 e6 7. Qf3 Qc7 8. Be2 b5 9. a3 Bb7 10.
Be3 Nbd7 11. g4 Nc5 12. Bd3 d5 13. e5 Nfe4 14. Bxe4 Nxe4 15. Nxe4 dxe4 16. Qg3 Qc4 17. O-O-O b4 18.
b3 Qc3 19. a4 Rd8 20. Kb1 Bc5 21. Qg1 O-O 22. f5 Rd5 23. Qf2 Rfd8 24. Rhf1 Rxd4 25. Rc1 exf5 26. Qxf5 Qxe3 27. Qxf7+ Kh8 28.
e6 Bd5 29. Qc7 Bxe6 30. Qxc5 Bg8 31. Rfd1 Qc3 32. Qxc3 bxc3 33. Rxd4 Rxd4 34. Re1 h6 35. Re3 Rd1+ 36. Ka2 Rd2 37.
Rxc3 Rxh2 38. Kb2 Rg2 39. b4 Rxg4 40. b5 axb5 41. axb5 Rg5 0-1

[Event "Pobeskydi 2026"]
[Site "Frydek-Mistek, Czech Republic"]
[Date "2026.04.05"]
[Round "8.4"]
[White "Szczygiel, Filip"]
[Black "Zeman, Daniel Nikolas"]
[Result "1/2-1/2"]
[TimeControl "90 min+30s/move"]
[WhiteTitle "-"]
[BlackTitle "-"]
[WhiteFideId "41897307"]
[BlackFideId "23717130"]
[WhiteElo "1809"]
[BlackElo "1957"]

1. Nf3 d5 2. g3 c5 3. Bg2 Nc6 4. d4 Nf6 5. O-O Bf5 6. c4 e6 7. Nc3 Be7 8. Bg5 h6 9. Bxf6 Bxf6 10.
cxd5 exd5 11. Qb3 Nxd4 12. Nxd4 cxd4 13. Nxd5 O-O 14. Qf3 Be6 15. Nxf6+ Qxf6 16. Qxf6 gxf6 17. Rfd1 Rac8 18. Rd2 Rc7 19.
b3 Rfc8 20. f4 Rc2 21. Rad1 b6 22. Be4 Rxd2 23. Rxd2 f5 24. Bf3 a5 25. Kf2 b5 26. Rxd4 b4 27. Ke3 Rc2 28. Rd2 Rc3+ 29.
Kd4 Kf8 30. Bd5 Ke7 31. Bxe6 fxe6 32. e4 fxe4 33. Kxe4 Rc5 34. g4 Rc1 35. Rg2 Re1+ 36. Kf3 Kf6 37. h4 Rf1+ 38. Ke3 Rh1 39.
h5 Re1+ 40. Kd3 Rf1 41. g5+ Kg7 42. Ke3 Re1+ 43. Kf3 e5 44. fxe5 Rxe5 45. Kf4 Rd5 46. gxh6+ Kxh6 47. Rh2 Rb5 48.
Ke4 Rg5 49. Kd4 Kh7 50. Kc4 Rf5 51. Rd2 Rf4+ 52. Kc5 Rf5+ 53. Kc4 Kh6 1/2-1/2

[Event "Pobeskydi 2026"]
[Site "Frydek-Mistek, Czech Republic"]
[Date "2026.04.05"]
[Round "8.5"]
[White "Buchtova, Viktorie"]
[Black "Ocelak, David"]
[Result "1-0"]
[TimeControl "90 min+30s/move"]
[WhiteTitle "-"]
[BlackTitle "-"]
[WhiteFideId "23714786"]
[BlackFideId "23728795"]
[WhiteElo "2055"]
[BlackElo "2009"]

1. e4 e5 2. Nf3 Nf6 3. Nxe5 d6 4. Nf3 Nxe4 5. d4 d5 6. Bd3 Be7 7. O-O Nc6 8. Nbd2 Nxd2 9. Bxd2 Bg4 10.
c3 O-O 11. h3 Bh5 12. g3 Re8 13. Kg2 Bg6 14. Bxg6 hxg6 15. Qc2 Qd7 16. Rae1 Bf6 17. h4 Ne7 18. Bf4 c6 19. Rh1 Nf5 20.
Ne5 Bxe5 21. Bxe5 f6 22. Bf4 Rxe1 23. Rxe1 Re8 24. Qb1 Rxe1 25. Qxe1 Kf7 26. Qe2 Qe6 27. Qxe6+ Kxe6 28. Kf3 Kf7 29.
Ke2 Ke6 30. Kd3 Nh6 31. b3 Nf5 32. c4 Ne7 33. Kc3 Nf5 34. a3 Ne7 35. Kb4 Kd7 36. Bb8 a6 37. Kc5 Ke6 38. Bf4 Nc8 39.
cxd5+ cxd5 40. a4 Ne7 41. Kb6 Nc6 42. Be3 Nd8 43. Kc7 Ke7 44. f3 Ke8 45. Kd6 Nf7+ 46. Kxd5 Kd7 47. Kc5 Nd6 48.
Kb6 Nf5 49. Bf2 Kc8 50. d5 Ne7 51. d6 Nd5+ 52. Kc5 Nc3 53. Kc4 Nb1 54. Kd3 b5 55. axb5 axb5 56. Bc5 1-0

[Event "Pobeskydi 2026"]
[Site "Frydek-Mistek, Czech Republic"]
[Date "2026.04.05"]
[Round "8.6"]
[White "Trybus, Daniel"]
[Black "Chubar, Vladimir"]
[Result "1-0"]
[TimeControl "90 min+30s/move"]
[WhiteTitle "-"]
[BlackTitle "-"]
[WhiteFideId "21816131"]
[BlackFideId "14101491"]
[WhiteElo "2055"]
[BlackElo "1885"]

1. e4 e6 2. d4 d5 3. Nc3 dxe4 4. Nxe4 Bd7 5. Nf3 Bc6 6. Bd3 Nd7 7. Qe2 Be7 8. Nfg5 Ngf6 9. Nxf7 Kxf7 10.
Ng5+ Ke8 11. Nxe6 Qc8 12. Bf4 Nb6 13. c4 Bd7 14. Nxc7+ Kf7 15. c5 Bg4 16. f3 Nbd5 17. Nxd5 Nxd5 18.
fxg4 Bh4+ 19. Bg3 Bxg3+ 20. hxg3 Re8 21. O-O+ Kg8 22. Qf3 Ne3 23. Qf7+ Kh8 24. Qh5 g6 25. Bxg6 Re7 26. Rae1 Qd7 27.
Rf4 Rg8 28. Bxh7 Rxh7 29. Qe5+ Rhg7 30. Rxe3 Qc7 31. Qxc7 Rxc7 32. Kf2 b6 33. b4 a5 34. a3 axb4 35. axb4 bxc5 36. dxc5 Ra8 37.
Kf3 Ra2 38. g5 Rg7 39. Kg4 Rxg2 40. b5 1-0

[Event "Pobeskydi 2026"]
[Site "Frydek-Mistek, Czech Republic"]
[Date "2026.04.05"]
[Round "8.7"]
[White "Kendall, Arthur"]
[Black "Skorupa, Tobias"]
[Result "1/2-1/2"]
[TimeControl "90 min+30s/move"]
[WhiteTitle "-"]
[BlackTitle "-"]
[WhiteFideId "343410960"]
[BlackFideId "23777494"]
[WhiteElo "2032"]
[BlackElo "1859"]

1. d4 Nf6 2. Nf3 e6 3. e3 d5 4. Bd3 Be7 5. O-O O-O 6. Nbd2 b6 7. e4 dxe4 8. Nxe4 Bb7 9. Qe2 Nbd7 10. c4 c5 11. dxc5 Nxe4 12.
Bxe4 Bxe4 13. Qxe4 Nxc5 14. Qe2 Qd3 15. Qxd3 Nxd3 16. Rd1 Rfd8 17. b3 Bf6 18. Rb1 Nb4 19. Bg5 Bxg5 20. Nxg5 Nxa2 21.
g3 Nc3 22. Rxd8+ Rxd8 23. Ra1 h6 24. Nf3 a5 25. Kf1 Rd3 26. Ne5 Rd2 27. c5 Rd5 28. cxb6 Rxe5 29. Rc1 Rb5 30. Rxc3 Rxb6 31.
Rc8+ Kh7 32. Rc5 Rxb3 33. Rxa5 Kg6 34. Kg2 Rd3 35. Rb5 Rd5 36. Rb6 Kf5 37. Rb7 Kf6 38. Rb6 Ra5 39. Rc6 Ra7 40.
Rc4 e5 41. f4 Ra2+ 42. Kg1 exf4 43. Rxf4+ Kg6 44. Rg4+ Kh7 45. Rf4 Kg8 46. Rc4 g6 47. Rb4 Kg7 48. Rb6 Re2 49. Ra6 f5 50.
Rb6 Kf7 51. Ra6 Re6 52. Ra2 Kf6 53. h4 Ke5 54. Kg2 Rd6 55. Re2+ Kf6 56. Ra2 h5 57. Kf3 Re6 58. Ra4 Rb6 59.
Ra3 Rb4 60. Ra5 Rg4 61. Ra6+ Kg7 62. Ra7+ Kh6 63. Ra6 Rb4 64. Rc6 Re4 65. Ra6 Kg7 66. Rb6 Kf7 67. Ra6 Re6 68. Ra2 Kf6 69.
Ra4 g5 70. hxg5+ Kxg5 71. Rb4 Re4 72.
Rb1 h4 73. gxh4+ Rxh4 74. Rg1+ Kf6 75. Rb1 Ra4 76. Rc1 Rb4 1/2-1/2

[Event "Pobeskydi 2026"]
[Site "Frydek-Mistek, Czech Republic"]
[Date "2026.04.05"]
[Round "8.8"]
[White "Sigut, Ondrej"]
[Black "Janovicek, Lukas"]
[Result "1/2-1/2"]
[TimeControl "90 min+30s/move"]
[WhiteTitle "-"]
[BlackTitle "-"]
[WhiteFideId "23712813"]
[BlackFideId "14975831"]
[WhiteElo "2016"]
[BlackElo "1846"]

1. e4 e6 2. d3 d5 3. Nd2 c5 4. Ngf3 Nc6 5. g3 Nf6 6. Bg2 Bd6 7. O-O O-O 8. Re1 Bc7 9. Qe2 Nd7 10.
c3 Nb6 11. e5 f6 12. exf6 Qxf6 13. Nb3 Bd6 14. d4 cxd4 15. cxd4 Nc4 16. a3 Bd7 17. Bg5 Qg6 18. Be3 Rae8 19.
Nh4 Qf6 20. f4 N6a5 21. Nxa5 Nxa5 22. Nf3 a6 23. Bh3 h6 24. Nh4 Bb5 25. Qc2 Rc8 26. Qg6 Rce8 27. Bd2 Qxd4+ 28. Be3 Qf6 29.
Bb6 Qxg6 30. Nxg6 Rf6 31. Bxa5 Rxg6 32. Kh1 Bc6 33. Bg2 Rf6 34. Bc3 Rf7 35. h4 Rfe7 36. Rad1 Kf7 37. Kh2 Bc5 38.
Re5 Bd6 39. Ree1 Rd8 40. Bd4 Bc7 41. Bc5 Ree8 42. Bd4 Ba5 43. Re3 Rc8 44. b4 Bd8 45. Rd2 Bb5 46. f5 Bd7 47. fxe6+ Bxe6 48.
Rde2 Rc6 49. Bxd5 Rd6 50. Rxe6 Rexe6 51. Bxe6+ Rxe6 52. Rxe6 Kxe6 53. Bxg7 h5 54. Kg2 Kf5 55. Kf3 Be7 56.
Bd4 Bd6 57. Bc5 Be5 58. a4 Bc7 59. b5 axb5 60. axb5 Be5 61. Be7 Bc7 62. Bg5 Be5 63. Bd8 Bd4 64. Bc7 1/2-1/2

[Event "Pobeskydi 2026"]
[Site "Frydek-Mistek, Czech Republic"]
[Date "2026.04.05"]
[Round "8.9"]
[White "Haasova, Timea"]
[Black "Plechacek, Matej"]
[Result "1-0"]
[TimeControl "90 min+30s/move"]
[WhiteTitle "-"]
[BlackTitle "-"]
[WhiteFideId "14960109"]
[BlackFideId "23763523"]
[WhiteElo "2012"]
[BlackElo "1801"]

1. e4 c5 2. Nf3 Nc6 3. d4 cxd4 4.
Nxd4 e6 5. Nc3 Nf6 6. Ndb5 Bb4 7. a3 Bxc3+ 8. Nxc3 a6 9. Qd6 Qe7 10. Bf4 e5 11. Qxe7+ Kxe7 12. Bg5 Kf8 13. Bxf6 gxf6 14.
Nd5 Kg7 15. Nb6 Rb8 16. O-O-O Rd8 17. Rd6 Nd4 18. Bc4 Ne6 19. Bxe6 fxe6 20. Rhd1 Kf7 21. Nxc8 Rdxc8 22.
Rxd7+ Kg6 23. Re7 Rd8 24. Rxd8 Rxd8 25. Rxb7 Rd4 26. f3 Kg5 27. g3 1-0

[Event "Pobeskydi 2026"]
[Site "Frydek-Mistek, Czech Republic"]
[Date "2026.04.05"]
[Round "8.10"]
[White "Lee, Yuk Hei"]
[Black "Dobsa, Emma"]
[Result "0-1"]
[TimeControl "90 min+30s/move"]
[WhiteTitle "-"]
[BlackTitle "-"]
[WhiteFideId "343411061"]
[BlackFideId "23709391"]
[WhiteElo "1960"]
[BlackElo "1921"]

1. d4 d5 2. c4 c6 3. Nf3 Nf6 4. Nc3 dxc4 5. a4 Bf5 6. Ne5 Nbd7 7. Nxc4 Qc7 8.
f3 e5 9. e4 exd4 10. Ne2 d3 11. Qxd3 Nc5 12. Qc2 O-O-O 13. Bf4 Qe7 14. Rd1 Nfxe4 15. fxe4 Bxe4 16. Nd6+ Qxd6 17. Rxd6 Bxc2 18. Rxd8+ Kxd8 19. a5 Ne4 20. Nd4 Bb4+ 21. Ke2 Bd1+ 22. Kxd1 Nf2+ 23. Ke2 Nxh1 24. g3 Re8+ 25.
Be3 Bxa5 26. Bg2 Nxg3+ 27. hxg3 Bc7 28. g4 Bf4 29. Nc2 Re5 30. Kd3 Bxe3 31. Nxe3 h5 32. Bf3 hxg4 33. Nxg4 Rb5 34.
Kc3 f5 35. Ne3 g5 36. Be2 Re5 37. Kd4 Re7 38. Kd3 Rf7 39. Nc4 Ke7 40. Kd4 Kf6 41. Ke3 Re7+ 42. Kf2 g4 43. Bd1 Kg5 44.
Ne3 Rd7 45. Be2 Rd2 46. Nc4 Rc2 47. b4 f4 48. Kf1 f3 49. Bd3 Rc1+ 50. Kf2 Kf4 0-1

[Event "Pobeskydi 2026"]
[Site "Frydek-Mistek, Czech Republic"]
[Date "2026.04.05"]
[Round "8.11"]
[White "Bartova, Hana"]
[Black "Durana, Jonas"]
[Result "1-0"]
[TimeControl "90 min+30s/move"]
[WhiteTitle "-"]
[BlackTitle "-"]
[WhiteFideId "23732695"]
[BlackFideId "73619663"]
[WhiteElo "1823"]
[BlackElo "2183"]

1. e4 c5 2. Nf3 d6 3. c3 Nf6 4. Bd3 Nc6 5. Bc2 g6 6. d3 Bg7 7. Nbd2 O-O 8. O-O a6 9. a4 Bd7 10.
Re1 Qc7 11. Nf1 b5 12. Ne3 e6 13. d4 cxd4 14. Nxd4 Nxd4 15. cxd4 Bc6 16. d5 exd5 17. exd5 Bb7 18. Qd3 Nxd5 19.
Nxd5 Bxd5 20. Qxd5 Qxc2 21. axb5 Rae8 22. Be3 axb5 23. Qxd6 Bxb2 24. Rab1 Rb8 25. Rf1 b4 26. Rxb2 Qxb2 27.
Bd4 Rbd8 28. Qxd8 1-0

[Event "Pobeskydi 2026"]
[Site "Frydek-Mistek, Czech Republic"]
[Date "2026.04.06"]
[Round "9.1"]
[White "Lichorad, Mateusz"]
[Black "Gnojek, Petr"]
[Result "*"]
[TimeControl "90 min+30s/move"]
[WhiteTitle "-"]
[BlackTitle "-"]
[WhiteFideId "21817693"]
[BlackFideId "371807"]
[WhiteElo "2039"]
[BlackElo "2401"]

1. e4 c5 2. Nf3 d6 3. d4 cxd4 4. Nxd4 Nf6 5. Nc3 e6 6. g4 h6 7. Rg1 Nc6 8. Be3 Be7 9. Qe2 Nxd4 10.
Bxd4 e5 11. Be3 Be6 12. O-O-O Qa5 13. Qb5+ Qxb5 14. Bxb5+ Kf8 15. f3 g6 16. Ba4 a6 17. Kb1 Kg7 18. Bb3 Rac8 19. h3 Rc6 20.
f4 Rhc8 21. Nd5 Bd8 22. Nb4 R6c7 23. fxe5 dxe5 24. Nd5 Rc6 25. Nb4 R6c7 26. Nd5 Bxd5 27. exd5 b5 28. Rge1 Rd7 29. Bf2 Bc7 30.
Bg3 e4 31. Bf2 Be5 32. c3 a5 33. a4 bxa4 34. Bxa4 Rxd5 35. Rxd5 Nxd5 36. Bb3 Nf6 37. Bc2 Re8 38. Bxe4 Bxc3 39. bxc3 Rxe4 40. Rd1 g5 41. Rd6 Re6 42.
Rd8 Kg6 43. Bd4 h5 44. gxh5+ Nxh5 45. Rg8+ Kf5 46. Rf8 f6 47. Rh8 Nf4 48. h4 Ng6 *

[Event "Pobeskydi 2026"]
[Site "Frydek-Mistek, Czech Republic"]
[Date "2026.04.06"]
[Round "9.2"]
[White "Walek, Petr"]
[Black "Karas, Marek"]
[Result "1/2-1/2"]
[TimeControl "90 min+30s/move"]
[WhiteTitle "-"]
[BlackTitle "-"]
[WhiteFideId "339393"]
[BlackFideId "14928558"]
[WhiteElo "2304"]
[BlackElo "2232"]

1. e4 e5 2. Nf3 Nf6 3. Nxe5 d6 4. Nf3 Nxe4 5. Bd3 Nf6 6. c3 d5 7. O-O Be7 8. h3 c5 9. Bc2 d4 10.
cxd4 cxd4 11. Ba4+ Nc6 12. Ne5 Bd7 13. Bxc6 Bxc6 14. Nxc6 bxc6 15. d3 O-O 16. Bg5 Nd5 17. Bxe7 Qxe7 18.
Nd2 Rfe8 19. Nf3 1/2-1/2

[Event "Pobeskydi 2026"]
[Site "Frydek-Mistek, Czech Republic"]
[Date "2026.04.06"]
[Round "9.3"]
[White "Buchtova, Viktorie"]
[Black "Haasova, Timea"]
[Result "1-0"]
[TimeControl "90 min+30s/move"]
[WhiteTitle "-"]
[BlackTitle "-"]
[WhiteFideId "23714786"]
[BlackFideId "14960109"]
[WhiteElo "2055"]
[BlackElo "2012"]

1. e4 c5 2. Nf3 e6 3. d4 cxd4 4. Nxd4 Nf6 5. Nc3 Nc6 6. a3 a6 7. Be2 Qc7 8. Be3 Be7 9. O-O O-O 10.
f4 d6 11. Qe1 e5 12. Nb3 exf4 13. Rxf4 Ne5 14. Qg3 Ng6 15. Rff1 Be6 16. Rad1 Rac8 17. Nd4 b5 18. h4 d5 19.
Qxc7 Rxc7 20. Nxe6 fxe6 21. h5 Nh8 22. exd5 Nxd5 23. Nxd5 Rxf1+ 24. Rxf1 exd5 25. Bf3 Rd7 26. Bg4 Rd6 27.
Bc5 Rf6 28. Bxe7 1-0

[Event "Pobeskydi 2026"]
[Site "Frydek-Mistek, Czech Republic"]
[Date "2026.04.06"]
[Round "9.4"]
[White "Zeman, Daniel Nikolas"]
[Black "Trybus, Daniel"]
[Result "0-1"]
[TimeControl "90 min+30s/move"]
[WhiteTitle "-"]
[BlackTitle "-"]
[WhiteFideId "23717130"]
[BlackFideId "21816131"]
[WhiteElo "1957"]
[BlackElo "2055"]

1. d4 Nf6 2. Nf3 g6 3. e3 Bg7 4. Bd3 O-O 5. b3 d6 6. Bb2 Nbd7 7. Nbd2 e5 8. dxe5 Ng4 9. O-O Ndxe5 10. Nxe5 Nxe5 11. Be2 Nf3+ 12. Nxf3 Bxb2 13. Rb1 Bg7 14. Nd4 d5 15. Bf3 c6 16. Qd2 g5 17. Rfd1 Qf6 18. b4 g4 19.
Be2 Rd8 20. g3 a5 21. bxa5 h5 22. Rb6 Qe7 23. Bd3 Qc5 24. Nb3 Qe7 25. a6 Ra7 26. Qa5 Be5 27. Rb4 b5 28. Nd4 Rxa6 29.
Nxc6 Rxc6 30. Qxb5 Rc5 31. Qa4 Be6 32. Rdb1 Qc7 33. Rb7 Qa5 34. Qb4 Ra8 35. Qxa5 Rcxa5 36. e4 Rxa2 37. h3 gxh3 38.
Kh2 dxe4 39. Bxe4 R8a4 40. Bd3 h4 41. R1b5 hxg3+ 42. fxg3 Bd6 43. Rg5+ Kf8 44. Rb6 Rd4 45. Bf5 Ra5 0-1

[Event "Pobeskydi 2026"]
[Site "Frydek-Mistek, Czech Republic"]
[Date "2026.04.06"]
[Round "9.5"]
[White "Sarkozi, Szabolcs"]
[Black "Szczygiel, Filip"]
[Result "1-0"]
[TimeControl "90 min+30s/move"]
[WhiteTitle "-"]
[BlackTitle "-"]
[WhiteFideId "14941660"]
[BlackFideId "41897307"]
[WhiteElo "2117"]
[BlackElo "1809"]

1. e4 g6 2. d4 Bg7 3. Nc3 d6 4. Nf3 a6 5. Be3 b5 6. h4 h6 7. Qd2 Bb7 8. e5 e6 9. Bd3 Ne7 10.
a4 b4 11. Ne4 Nd5 12. a5 Nxe3 13. fxe3 Bxe4 14. Bxe4 d5 15. Bd3 c5 16. c3 c4 17. Bb1 bxc3 18. bxc3 Nc6 19. h5 g5 20.
O-O g4 21. Nh2 Qg5 22. Qf2 Ra7 23. Qg3 Qxh5 24. Nxg4 Qg5 25. Qf3 Rg8 26. Bh7 Rh8 27. Bc2 Kf8 28. e4 h5 29. Nf2 Qd2 30.
exd5 Nxd4 31. cxd4 Qxc2 32. Rab1 exd5 33. Qxd5 Kg8 34. Ne4 Rh6 35. Rb8+ Kh7 36. Ng5+ Kg6 37. Nxf7 Rxf7 38. Qxf7+ Kh7 39.
Qg8+ Kg6 40. Rb6+ 1-0

[Event "Pobeskydi 2026"]
[Site "Frydek-Mistek, Czech Republic"]
[Date "2026.04.06"]
[Round "9.6"]
[White "Skorupa, Tobias"]
[Black "Boff, Ondrej"]
[Result "1/2-1/2"]
[TimeControl "90 min+30s/move"]
[WhiteTitle "-"]
[BlackTitle "-"]
[WhiteFideId "23777494"]
[BlackFideId "23733950"]
[WhiteElo "1859"]
[BlackElo "2101"]

1. d4 Nf6 2. c4 c5 3. d5 b5 4. cxb5 a6 5. b6 e6 6. e4 Qxb6 7. Nc3 Bb7 8. Bc4 exd5 9. exd5 Be7 10. Bf4 d6 11. Nge2 O-O 12.
O-O Nh5 13. Be3 Qc7 14. g4 Nf6 15. Ng3 Re8 16. g5 Nfd7 17. Qa4 Qd8 18. Nf5 Nb6 19. Nxe7+ Qxe7 20. Qb3 Nxc4 21. Qxc4 Nd7 22.
Rfe1 Ne5 23. Qe4 Qd7 24. Kh1 Re7 25. Rg1 Rae8 26. Rad1 Ng6 27. Qg4 Qc7 28. Rd2 Bc8 29. Qa4 Qb6 30.
Qc6 Qd8 31. Qa4 Kh8 32. Rg3 Rb7 33. a3 a5 34. Qc4 Bf5 35. Qe2 Qe7 36. Qa6 Ra7 37. Qb6 Ne5 38. Qb5 Rb7 39. Qe2 Qd7 40.
Qf1 Reb8 41. Qe2 Re8 42. Qf1 c4 43. Bd4 Bd3 44. Qg2 Ng6 45. Re3 Rxe3 46. fxe3 Nh4 47. Qf2 Nf5 48. Ne2 Be4+ 49.
Kg1 Nxd4 50. Nxd4 Qg4+ 51. Qg3 Qxg3+ 52. hxg3 g6 53. Ne2 Re7 54. Rd4 Bd3 55.
Kf2 Re5 56. Nf4 Be4 57. Rxc4 Bxd5 58. Rd4 Bb3 59. Rxd6 Rxg5 60. Rb6 a4 61. Rd6 Rc5 62. Rd2 Kg7 63. Ne2 Rf5+ 64. Kg2 h5 65. Nc3 Re5 66. Kf2 Rf5+ 1/2-1/2

[Event "Pobeskydi 2026"]
[Site "Frydek-Mistek, Czech Republic"]
[Date "2026.04.06"]
[Round "9.7"]
[White "Janovicek, Lukas"]
[Black "Kendall, Arthur"]
[Result "0-1"]
[TimeControl "90 min+30s/move"]
[WhiteTitle "-"]
[BlackTitle "-"]
[WhiteFideId "14975831"]
[BlackFideId "343410960"]
[WhiteElo "1846"]
[BlackElo "2032"]

1. e4 e6 2. d4 d5 3. exd5 exd5 4. Nf3 Nc6 5. Bd3 Bd6 6. O-O Bg4 7. c3 Qd7 8. Re1+ Nge7 9. Nbd2 O-O 10.
Qc2 Bf5 11. Nf1 Rae8 12. Bd2 Bxd3 13. Qxd3 Qf5 14. Qxf5 Nxf5 15. Ne3 Nxe3 16. Rxe3 f6 17. Rae1 Kf7 18. Kf1 Ne7 19. g3 g5 20.
R1e2 h5 21. Bc1 Ng6 22. Rxe8 Rxe8 23. Rxe8 Kxe8 24. Ke2 Kd7 25. Ne1 b6 26. Nc2 Ke6 27. b3 c6 28. Ba3 Bxa3 29. Nxa3 f5 30.
Nc2 f4 31. Ne1 Kf5 32. h3 fxg3 33. fxg3 g4 34. hxg4+ hxg4 35. Nd3 Ne7 36. Nf4 Nc8 37. Ke3 Nd6 38. Ne2 c5 39. dxc5 bxc5 40.
Nf4 Ne4 41. Ne2 Ke5 42. Kd3 Kf5 43. b4 Ke5 44. bxc5 Nxc5+ 45. Ke3 Ne4 46. Kd3 a6 47. Ke3 Nxc3 48. Nxc3 d4+ 49. Kd3 dxc3 50.
Kxc3 Ke4 51. Kb4 Kf3 52. Ka5 Kxg3 53. Kxa6 Kf4 54. a4 g3 55. a5 g2 56. Kb7 g1=Q 57. a6 Qg7+ 58. Ka8 Qf8+ 59. Kb7 Qe7+ 60. Ka8 Qd8+ 61. Ka7 Qc8 62. Kb6 Qd8+ 63. Kb7 Qd7+ 64. Kb8 Qb5+ 65. Ka7 Ke5 66. Ka8 0-1